 Dungeon Crawl Stone Soup version 0.18-a0-514-ga7d9996 (webtiles) character file.

191 Lektor the Chopper (level 5, 0/46 HPs)
             Began as a Minotaur Fighter on Dec 3, 2015.
             Succumbed to an adder's poison
             ... on level 3 of the Dungeon.
             The game lasted 00:10:34 (1838 turns).

Lektor the Chopper (Minotaur Fighter)               Turns: 1838, Time: 00:10:34

Health: 0/46       AC:  7    Str: 22    XL:     5   Next: 41%
Magic:  4/4        EV:  7    Int:  5    God:
Gold:   103        SH:  9    Dex:  9    Spells: 0 memorised, 4 levels left

rFire  . . .     SeeInvis .     a - +0 war axe
rCold  . . .     Clarity  .     b - +0 scale mail
rNeg   + . .     SustAt   .     c - +0 shield
rPois  .         Gourm    .     (helmet restricted)
rElec  .         Spirit   .     (no cloak)
rCorr  .         Dismiss  .     (no gloves)
rMut   .         Stasis   .     (no boots)
MR     .....                    (no amulet)
Stlth  ..........               (no ring)
                                q - ring of positive energy

@: lethally poisoned (0 -> -5), not resistant to hostile enchantments, extremely
unstealthy
A: retaliatory headbutt, horns 2
a: no special abilities


You were on level 3 of the Dungeon.
You were not hungry.

You visited 1 branch of the dungeon, and saw 3 of its levels.

You collected 103 gold pieces.

Inventory:

Hand Weapons
 a - a +0 war axe (weapon)
 o - a +1 antimagic dagger
 t - a +0 longbow
Missiles
 j - 17 poisoned needles
 l - 13 stones
 n - 41 arrows
 p - 6 tomahawks (quivered)
 w - 23 bolts
 x - a throwing net
 y - 22 sling bullets
Armour
 b - a +0 scale mail (worn)
 c - a +0 shield (worn)
 g - a +0 scale mail
 v - a +3 leather armour
Jewellery
 q - a ring of positive energy (left hand)
Scrolls
 f - 3 scrolls of magic mapping {unknown}
 h - 7 scrolls of identify {unknown}
 i - 2 scrolls of teleportation {unknown}
 m - 2 scrolls of enchant armour {unknown}
 r - 2 scrolls of immolation {unknown}
 u - 3 scrolls of remove curse {unknown}
Potions
 d - a potion of might
Comestibles
 e - a bread ration
 k - a beef jerky
 s - 5 chunks of flesh


   Skills:
 - Level 3.9 Fighting
 + Level 6.3 Axes
 - Level 3.7 Armour
 - Level 1.0 Stealth
 - Level 3.8 Shields


You had 4 spell levels left.
You didn't know any spells.

Dungeon Overview and Level Annotations

Branches:
Dungeon (3/15)

Altars:
Elyvilon
Fedhas
Gozag
Vehumet


Innate Abilities, Weirdness & Mutations

You reflexively headbutt those who attack you in melee.
You have a pair of horns on your head.


Message History

The adder closely misses you.
The orc hits you from afar with a trident.
* * * LOW HITPOINT WARNING * * *
The adder barely misses you. You furiously retaliate!
You headbutt the adder!
You kill the adder!
Drink which item? (? for menu, Esc to quit)
Okay, then.
You aren't carrying any items that can be evoked.
* * * LOW HITPOINT WARNING * * *
You feel sick. You block the orc's attack.
Things that are here:
a dagger; a robe You slash the orc!
You kill the orc!
You hit the orc.
The orc is moderately wounded.
You block the orc's attack.
You hit the orc.
You kill the orc!
You die...

#.....# .....
..... ... #
....# #.#.#
#)).# #$..#
#@#####...#
#)........
######.........
........###..##
..........#...#
#######(#.#.#.#
#.....#.###.#
###...).....#
#####.#####


There were no monsters in sight!

Vanquished Creatures
  An orc wizard (D:3)
  An orc priest (D:3)
  Natasha (thrice) (D:2)
  2 adders (D:3)
  3 worms (D:2)
  5 orcs (D:3)
  11 bats
  2 giant cockroaches
  9 goblins
  7 hobgoblins
  2 ball pythons (D:1)
  2 giant newts (D:1)
  6 jackals (D:1)
  7 kobolds
  2 quokkas (D:2)
  6 rats
69 creatures vanquished.

Notes
Turn   | Place    | Note
--------------------------------------------------------------
     0 | D:1      | Lektor the Minotaur Fighter began the quest for the Orb.
     0 | D:1      | Reached XP level 1. HP: 19/19 MP: 0/0
    70 | D:1      | Reached XP level 2. HP: 25/27 MP: 1/1
   790 | D:1      | Reached XP level 3. HP: 33/33 MP: 2/2
   984 | D:2      | Reached skill level 4 in Axes
  1090 | D:2      | Found a blossoming altar of Fedhas.
  1115 | D:2      | Found a white marble altar of Elyvilon.
  1138 | D:2      | Noticed Natasha
  1161 | D:2      | Killed Natasha
  1161 | D:2      | Reached XP level 4. HP: 8/40 MP: 3/3
  1204 | D:2      | Noticed Natasha
  1219 | D:2      | Killed Natasha
  1219 | D:2      | Reached skill level 5 in Axes
  1268 | D:2      | Noticed Natasha
  1275 | D:2      | Killed Natasha
  1630 | D:2      | Found a radiant altar of Vehumet.
  1632 | D:2      | Found an opulent altar of Gozag.
  1830 | D:3      | Reached skill level 1 in Stealth
  1830 | D:3      | Reached XP level 5. HP: 20/46 MP: 4/4
  1831 | D:3      | Reached skill level 6 in Axes
  1835 | D:3      | HP: 2/46 [orc/trident (6)]
  1838 | D:3      | Succumbed to an adder's poison

Vault maps used:
D:1:      minmay_arrival_shoal_huts
D:2:      lemuel_crystal_altar, nicolae_overflow_hidden_temple,
          overflow_temple_1_default, uniq_natasha
D:3:      first_bread

Action                   |  1- 3 |  4- 6 || total
-------------------------+-------+-------++-------
Melee: War axe           |   112 |    67 ||   179
Throw: Tomahawk          |       |     6 ||     6
  Use: Potion            |     2 |     1 ||     3
  Eat: Chunk             |     1 |     2 ||     3
